 Dungeon Crawl Stone Soup version 0.21-a0-184-g9126a74 (webtiles) character file.

2659 thefall the Grave Robber (level 9, -2/81 HPs)
             Began as a Deep Dwarf Necromancer on Aug 10, 2017.
             Slain by a red ugly thing (7 damage)
             ... on level 7 of the Dungeon on Aug 11, 2017.
             The game lasted 00:30:42 (8095 turns).

thefall the Grave Robber (Deep Dwarf Necromancer)   Turns: 8095, Time: 00:30:43

Health: -2/81      AC:  5    Str: 14    XL:     9   Next: 36%
Magic:  14/17      EV: 12    Int: 16    God:
Gold:   286        SH:  0    Dex: 15    Spells: 12/20 levels left

rFire    . . .     SeeInvis .   x - +0 morningstar
rCold    + + .     Gourm    .   (no shield)
rNeg     . . .     Faith    .   p - +0 leather armour {rC+}
rPois    .         Spirit   .   (helmet restricted)
rElec    .         Reflect  .   s - +0 cloak
rCorr    .         Harm     .   (no gloves)
MR       +....                  r - +0 pair of boots
Stlth    ++........             (no amulet)
HPRegen  0.00/turn              i - +3 ring of intelligence
MPRegen  0.15/turn              (no ring)

@: non-regenerating
A: damage resistance, heal wounds, antennae 1, cold resistance 1, dopey 1, sense
surroundings 2, no regeneration
a: Heal Wounds


You were on level 7 of the Dungeon.
You were not hungry.

You visited 1 branch of the dungeon, and saw 7 of its levels.
You also visited: Ossuary.

You collected 286 gold pieces.

Inventory:

Hand Weapons
 j - a +0 whip
 x - a +0 morningstar (weapon)
 B - a +1 flail of draining
Missiles
 e - 106 stones
 A - a javelin (quivered)
Armour
 a - a +0 robe
 g - a +0 buckler
 p - a +0 leather armour of cold resistance (worn)
 r - a +0 pair of boots (worn)
 s - a +0 cloak (worn)
Jewellery
 i - a +3 ring of intelligence (left hand)
 q - an uncursed ring of teleportation
Wands
 d - a wand of confusion (8/48)
 k - a wand of flame (0/48)
 C - a wand of digging (18/24)
Scrolls
 l - 2 scrolls of recharging
 n - 4 scrolls of amnesia
 o - 3 scrolls of remove curse
 t - a scroll of teleportation
 u - 2 scrolls of identify
 y - a scroll of magic mapping
 G - a scroll of enchant weapon {unknown}
Potions
 f - a potion of brilliance
 m - 2 potions of lignification
 D - a potion of invisibility
Books
 b - a book of Necromancy

   Spells                             Type                      Level
   a - Pain                           Necromancy                   1
   b - Animate Skeleton               Necromancy                   1
   c - Vampiric Draining              Necromancy                   3
   d - Regeneration                   Charms/Necromancy            3
   e - Animate Dead                   Necromancy                   4
   f - Control Undead                 Necromancy                   4
Comestibles
 c - 4 bread rations
 h - a chunk of flesh
 v - 2 meat rations
 F - 4 royal jellies


   Skills:
 + Level 5.5 Fighting
 + Level 6.9 Maces & Flails
 - Level 2.1 Dodging
 - Level 2.4 Stealth
 + Level 6.2 Spellcasting
 - Level 7.0 Necromancy


You had 12 spell levels left.
You knew the following spells:

 Your Spells              Type           Power        Failure   Level  Hunger
a - Pain                  Necr           ####         1%          1    None
b - Vampiric Draining     Necr           ####......   2%          3    ##.....
c - Control Undead        Necr           ####......   10%         4    ####...


Dungeon Overview and Level Annotations

Branches:
Dungeon (7/15)             Temple (0/1) D:7

Altars:
Ashenzari
Fedhas
Gozag
Trog

Shops:
D:7 *}

Annotations:
D:4 Grinder
D:6 exclusions: oklob plant and 1 more exclusion


Innate Abilities, Weirdness & Mutations

You are resistant to damage.
You can heal yourself by infusing magical energy.
You passively map the area around you.
You do not regenerate.
You have a pair of small antennae on your head.
Your flesh is cold resistant. (rC+)
You are dopey. (Int -2)


Message History

The red ugly thing gurgles horribly!
The centaur moves out of view.
A red ugly thing is nearby!
A red ugly thing is nearby!
You are too injured to fight recklessly!
Unknown command.
A hound comes into view.
Casting: Pain
Confirm with . or Enter, or press ? or * to list all spells.
Aiming: Vampiric Draining
Press: ? - help, Shift-Dir - straight line, f - red ugly thing
Aim: a red ugly thing The red ugly thing is lightly wounded.
You feel life coursing into your body. The red ugly thing tentacle-slaps you!
You are engulfed in flames!!
* * * LOW HITPOINT WARNING * * *
Okay, then.
Okay, then.
The red ugly thing tentacle-slaps you!
You die...

#.########.##...####*,**,*,*
...................,,,**,*,*
#....#####.###.#.####.**,*,*
####.# *,#..........**,*,* ****
#.# *,#.......#,***,*,* *,,,
#.#####.###.#####.# *,*,* *,**
#..)........h.....# *,*,***,**
####.#####.###.u########,*,,,,,,,
...∩.∩..........@.......,,,>,,,**
###...####.####..#####.#********
...∩.∩......,.....,,,,,,,,*******
########...#####.##***,*,,,,,,,,,
**##*.....# #..* *,*,,,,,,,,,
**,...,....# ##.#* *,*,,,,,,,,,
*,,,,..#...# *..* *,*,,,,,,,,,
*,,,,,,....# *#.* *,*,,,,,,,,,
*,,,,,**#..# *,##*,*,,,,,,,,,


You could see a red ugly thing and a hound.

Vanquished Creatures
  2 hogs (D:7)
  2 yaks (D:7)
  A human (D:7)
  Duvessa (D:7)
  An orc warrior (D:7)
  A black bear (D:6)
  An ice beast (D:7)
  An ogre (D:4)
  3 centaurs
  2 bullfrogs
  Dowan (D:7)
  A water moccasin skeleton (D:4)
  2 howler monkeys
  3 wights (D:6)
  A bullfrog zombie (D:5)
  6 hounds
  2 jellies
  2 orc priests
  4 orc wizards
  A bullfrog skeleton (D:6)
  2 iguanas
  Ijyb (D:3)
  3 worker ants
  A hound skeleton (D:5)
  4 mummies
  2 worker ant zombies (D:6)
  3 gnolls (D:4)
  4 adders
  A shadow imp (D:6)
  An ooze (D:6)
  3 adder zombies (Ossuary)
  2 worms
  2 dart slugs
  5 leopard geckos
  9 orcs
  2 bats
  3 giant cockroaches
  3 goblins
  6 hobgoblins
  2 jackals (D:6)
  4 quokkas
  2 ball pythons
  2 frilled lizards
  A gnoll zombie (Ossuary)
  2 goblin zombies (Ossuary)
  2 hobgoblin zombies (Ossuary)
  A jackal skeleton (D:4)
  A kobold (D:1)
  A kobold zombie (Ossuary)
  A leopard gecko skeleton (D:6)
  A leopard gecko zombie (D:5)
  A quokka skeleton (D:6)
  2 quokka zombies (Ossuary)
  7 rats
  2 rat zombies (Ossuary)
127 creatures vanquished.

Vanquished Creatures (collateral kills)
  A gnoll zombie (Ossuary)
  A goblin zombie (Ossuary)
  A hobgoblin zombie (Ossuary)
  A rat zombie (Ossuary)
4 creatures vanquished.

Vanquished Creatures (others)
  A bush (D:6)
  7 fungi (D:6)
8 creatures vanquished.

Grand Total: 139 creatures vanquished

Notes
Turn   | Place    | Note
-------+----------+-------------------------------------------
     0 | D:1      | thefall the Deep Dwarf Necromancer began the quest for the Orb.
     0 | D:1      | Reached XP level 1. HP: 15/15 MP: 3/3
   301 | D:1      | Reached XP level 2. HP: 20/22 MP: 2/4
   345 | D:1      | Reached skill level 5 in Necromancy
   750 | D:2      | Found a shattered altar of Ashenzari.
  1087 | D:2      | Reached XP level 3. HP: 21/28 MP: 0/5
  1244 | D:2      | Learned a level 3 spell: Vampiric Draining
  1432 | D:2      | Upgraded the game from 0.21-a0-179-gd2bfb5f to 0.21-a0-184-g9126a74
  2042 | D:3      | Noticed Ijyb
  2056 | D:3      | Killed Ijyb
  2056 | D:3      | Reached skill level 6 in Necromancy
  2056 | D:3      | Reached XP level 4. HP: 24/36 MP: 0/6
  2359 | D:3      | Found a bloodstained altar of Trog.
  2494 | D:4      | Reached skill level 7 in Necromancy
  2494 | D:4      | Reached XP level 5. HP: 23/42 MP: 0/7
  3136 | D:4      | Noticed Grinder
  3238 | D:5      | Entered Level 5 of the Dungeon
  3594 | D:5      | Reached skill level 1 in Maces & Flails
  3741 | D:5      | Reached XP level 6. HP: 19/49 MP: 1/9
  3876 | D:5      | Found an opulent altar of Gozag.
  4014 | D:4      | Reached skill level 1 in Fighting
  4126 | D:4      | Reached XP level 7. HP: 34/57 MP: 1/11
  4955 | D:4      | Paralysed by Grinder for 3 turns
  4963 | D:4      | Paralysed by Grinder for 6 turns
  5732 | D:6      | Reached XP level 8. HP: 24/68 MP: 0/13
  6271 | D:6      | Reached skill level 5 in Maces & Flails
  7014 | D:6      | Noticed an oklob plant
  7023 | D:6      | Found a blossoming altar of Fedhas.
  7037 | D:7      | Reached skill level 5 in Spellcasting
  7106 | D:7      | Found Natav's General Store.
  7252 | D:7      | Found a sand-covered staircase.
  7263 | Ossuary  | Entered an ossuary
  7326 | Ossuary  | HP: 3/72 [hobgoblin zombie (1)]
  7328 | Ossuary  | HP: 1/72 [hobgoblin zombie (2)]
  7388 | Ossuary  | Learned a level 4 spell: Control Undead
  7565 | D:7      | Gained mutation: You passively map the area around you. [Deep Dwarf growth]
  7565 | D:7      | Reached XP level 9. HP: 27/80 MP: 3/16
  7575 | D:7      | Reached skill level 5 in Fighting
  7875 | D:7      | Found Ofedweh's Gadget Emporium.
  7920 | D:7      | Noticed Duvessa
  7922 | D:7      | Noticed Dowan
  7948 | D:7      | Gained mutation: You are dopey. (Int -2) [potion of mutation]
  7948 | D:7      | Gained mutation: You have a pair of small antennae on your head. [potion of mutation]
  7948 | D:7      | Gained mutation: Your flesh is cold resistant. (rC+) [potion of mutation]
  7955 | D:7      | Killed Duvessa
  7973 | D:7      | Killed Dowan
  8090 | D:7      | Noticed a red ugly thing
  8095 | D:7      | Slain by a red ugly thing

Vault maps used:
D:1:      dpeg_arrival_prison
D:2:      evilmike_ruin_ashenzari
D:3:      corexii_hall_statues_i, minmay_misc_feat_square, grunt_decor_clamped,
          trog_book, uniq_ijyb
D:4:      first_bread, uniq_grinder
D:5:      cheibrodos_helix_gallery, lemuel_doored_altar
D:6:      lemuel_slime, fedhas_bush_and_centaur_altar
D:7:      lemuel_temple_firewalk_b, serial_shops,
          nicolae_shop_competitors_out_of_business, shop_statue,
          nicolae_shop_behind_doors, gup_ossuary_entry_pyramid, grunt_livestock,
          uniq_duvessa
Ossuary:  ossuary_minmay_chase

Skill      XL: |  1  2  3  4  5  6  7  8  9 |
---------------+----------------------------+-----
Necromancy     | 5 6 7 |  7.0
Spellcasting   | 2 3 4 5 6 |  6.2
Maces & Flails | 1 3 4 6 |  6.9
Fighting       | 1 2 4 5 |  5.5
Dodging        | |  2.1
Stealth        | |  2.4

Action                   |  1- 3 |  4- 6 |  7- 9 || total
-------------------------+-------+-------+-------++-------
Melee: Whip              |    30 |    84 |    49 ||   163
       Morningstar       |       |       |   178 ||   178
Throw: Stone             |    33 |     1 |     1 ||    35
       Javelin           |       |     7 |    13 ||    20
 Cast: Pain              |    53 |    37 |    26 ||   116
       Vampiric Draining |     5 |    19 |    59 ||    83
       Control Undead    |       |       |     3 ||     3
 Abil: Heal Wounds       |     1 |     2 |    16 ||    19
Evoke: Wand              |       |     5 |    34 ||    39
  Use: Scroll            |     6 |       |    11 ||    17
       Potion            |     4 |     4 |     8 ||    16
 Stab: Sleeping          |     1 |       |     1 ||     2
       Confused          |       |       |     4 ||     4
       Invisible         |       |       |     3 ||     3
  Eat: Chunk             |     4 |     9 |    12 ||    25
       Fruit             |       |     1 |     1 ||     2
       Meat ration       |       |       |     1 ||     1
Armor: Robe              |     5 |       |       ||     5
       Skin              |     3 |       |       ||     3
       Leather armour    |       |    42 |    84 ||   126
Dodge: Dodged            |    42 |    66 |   223 ||   331
